 Dungeon Crawl Stone Soup version 0.32-a0-872-g59262bdc9b (webtiles) character file.

Game seed: 18046621086817825052

469 Ajdolov the Trooper (level 6, -7/56 HPs)
             Began as an Armataur Fighter on Mar 30, 2024.
             Killed from afar by Dowan (9 damage)
             ... with a shard of ice
             ... on level 5 of the Dungeon.
             The game lasted 00:05:58 (3405 turns).

Ajdolov the Trooper (Armataur Fighter)              Turns: 3405, Time: 00:05:58

Health: -7/56      AC:  9    Str: 23    XL:     6   Next: 82%
Magic:  6/6        EV:  6    Int:  8    God:
Gold:   58         SH:  4    Dex: 10    Spells: 5/5 levels left

rFire   . . .        w - +0 broad axe (freeze)
rCold   . . .        c - +0 buckler
rNeg    . . .        b - +0 scale mail
rPois   .            t - +0 helmet
rElec   .            g - +0 cloak
rCorr   +            (no gloves)
SInv    .            (no barding)
Will    .....        (no amulet) Stlth
                     r - ring of resist corrosion
HPRegen 0.29/turn    (no ring)
MPRegen 0.10/turn

%: roll
@: no status effects
A: large, deformed body, tough skin 3, armoured tail, rollpage 1
a: Convert to Beogh


You were on level 5 of the Dungeon.
You visited 1 branch of the dungeon, and saw 5 of its levels.

You collected 263 gold pieces.
You spent 205 gold pieces at shops.

Inventory:

Hand Weapons
 w - a +0 broad axe of freezing (weapon)
Missiles
 v - 4 boomerangs (quivered)
Armour
 b - a +0 scale mail (worn)
 c - a +0 buckler (worn)
 g - a +0 cloak (worn)
 t - a +0 helmet (worn)
Jewellery
 r - a ring of resist corrosion (left hand)
Wands
 p - a wand of flame (31)
Scrolls
 a - 3 scrolls of vulnerability {unknown}
 f - a scroll of enchant armour {unknown}
 i - 5 scrolls of identify {unknown}
 j - a scroll of poison {unknown}
 k - 2 scrolls of fear {unknown}
 l - a scroll of immolation {unknown}
 m - a scroll of revelation {unknown}
 n - a scroll of blinking {unknown}
 o - a scroll of acquirement {unknown}
 q - a scroll of teleportation {unknown}
 s - a scroll of torment {unknown}
Potions
 d - 2 potions of might
 e - 4 potions of curing {unknown}
 h - 4 potions of attraction {unknown}
 u - a potion of haste {unknown}


   Skills:
 - Level 5.0 Fighting
 + Level 2.5(3.6) Axes
 - Level 4.2(4.7) Maces & Flails
 - Level 3.6 Armour
 - Level 3.2 Shields


You had 5 spell levels left.
You didn't know any spells.
Your spell library contained the following spells:

 Spells                   Type           Power      Damage    Failure   Level
 Call Canine Familiar     Summ           0%         N/A       98%         3
 Fugue of the Fallen      Necr           0%         N/A       98%         3
 Ozocubu's Armour         Ice            0%         N/A       98%         3
 Sigil of Binding         Hex            0%         N/A       98%         3
 Dimensional Bullseye     Hex/Tloc       0%         N/A       100%        4
 Manifold Assault         Tloc           0%         N/A       100%        7


Dungeon Overview and Level Annotations

Branches:
Dungeon (5/15)
 Temple: D:4-7

Altars:
Vehumet

Shops:
D:3 [   D:4 *!((

Annotations:
D:4 3 runed translucent doors, mn3067's ghost, amateur DjCj
D:5 Blork the orc; Dowan; Edmund; Grinder


Innate Abilities, Weirdness & Mutations

Armour fits poorly on your strangely shaped body.
You have extremely tough skin. (AC +3)
You have a long armoured tail.
You regenerate magic when rolling toward enemies. (Rampage MPRegen)


Message History

Duvessa is moderately wounded.
You hit the phantom. You closely miss the orc priest.
The phantom barely misses you.
The orc priest hits you but does no damage.
Duvessa hits you with a +0 short sword.
A hound comes into view.
You block the orc priest's attack.
The phantom hits you but does no damage.
Duvessa hits you but does no damage.
The hound barks!
You slash Duvessa! You freeze Duvessa.
Your tail-slap misses Duvessa.
Duvessa is almost dead.
You closely miss the phantom. You hit Dowan. You freeze Dowan.
You hit the orc priest but do no damage.
The orc priest shouts, "Surrender to Beogh and we'll let you live!"
Dowan hits you but does no damage.
The phantom hits you but does no damage.
The orc priest hits you with a +0 mace. You block Duvessa's attack.
You hit Duvessa. You freeze Duvessa.
You kill Duvessa!
Dowan seems overcome with grief.
Dowan seems to find hidden reserves of power!
You barely miss Dowan. You completely miss the orc priest. You hit the orc.
You freeze the orc. You closely miss the phantom. Dowan casts a spell at you.
The stone arrow hits you!
* * * LOW HITPOINT WARNING * * *
Grinder zaps a wand.
The puff of flame misses you.
The puff of flame hits the orc priest.
You block the orc's attack. The phantom hits you.
* * * LOW HITPOINT WARNING * * *
The orc priest looks satisfied for a moment.
Dowan hits you but does no damage.
A bombardier beetle comes into view.
You block the orc's attack. The phantom completely misses you.
The orc priest hits you with a +0 mace.
* * * LOW HITPOINT WARNING * * *
Dowan gestures at you while chanting. The shard of ice hits you!
You die...

#.....
#####.....# #.
.#.... ...#....#
#.# #.#.#...
#......#.#B#.
.#.#.#..
#.....#.#.#.#
#.#.#.#5
....#.#.#.#.
.#.#.#.#
#...#.#.#.#
#.#.#.#.
#..eo#h#.#@
o#.#.#..
#.@o.#.#.#
#.#.#...
#W5...#.#.
.#.#....
#.#####o#....#.#
#.#....5
#....§<.##....#.
.#....#§
###.###.# #....#
#...o##5 # #.#
#....#..... #.
#.# ....o.... #@
#.# .......5 #.
#.# ..... #.


You could see Edmund, Grinder, a phantom, Dowan (fast), a bombardier beetle, a
hound, an orc priest and 2 orcs.

Vanquished Creatures
  Duvessa (D:5)
  A black bear (D:4)
  A bombardier beetle (D:4)
  3 iguanas
  A sleepcap (D:4)
  3 orc wizards (D:4)
  4 adders
  4 gnolls (D:3)
  An ufetubus (D:4)
  A dart slug (D:2)
  3 ribbon worms
  14 orcs
  9 ball pythons
  4 endoplasms
  4 giant cockroaches
  3 hobgoblins
  5 jackals
  2 quokkas (D:4)
  3 bats
  3 frilled lizards
  6 goblins
  4 kobolds
  2 rats
82 creatures vanquished.

Notes
Turn   | Place    | Note
-------+----------+-------------------------------------------
     0 | D:1      | Ajdolov the Armataur Fighter began the quest for the Orb.
     0 | D:1      | Reached XP level 1. HP: 18/18 MP: 1/1
   123 | D:1      | Reached skill level 3 in Fighting
   169 | D:1      | Reached XP level 2. HP: 21/26 MP: 2/2
   512 | D:2      | Reached XP level 3. HP: 31/31 MP: 3/3
  1089 | D:3      | Reached XP level 4. HP: 22/40 MP: 4/4
  1214 | D:3      | Found Vuonkiyc's Armour Shop.
  1339 | D:3      | Reached skill level 4 in Fighting
  2101 | D:4      | Found Xifei's General Store.
  2101 | D:4      | Found Biatudup's Distillery.
  2101 | D:4      | Found Ipoargha's Antique Weapon Shoppe.
  2103 | D:4      | Bought a +0 helmet for 58 gold pieces
  2219 | D:4      | Bought a potion of degeneration for 14 gold pieces
  2265 | D:4      | Reached XP level 5. HP: 43/46 MP: 5/5
  2502 | D:4      | Found a radiant altar of Vehumet.
  2574 | D:4      | Found Ycluss's Antique Weapon Shop.
  2588 | D:4      | Reached XP level 6. HP: 53/53 MP: 6/6
  2602 | D:4      | Bought a glowing broad axe for 133 gold pieces
  2708 | D:4      | Reached skill level 5 in Fighting
  2708 | D:4      | Reached skill level 1 in Axes
  3120 | D:4      | Found a runed translucent gate.
  3120 | D:4      | Found a runed translucent gate.
  3120 | D:4      | Found a runed translucent gate.
  3123 | D:4      | Noticed mn3067's ghost (amateur DjCj)
  3215 | D:5      | Entered Level 5 of the Dungeon
  3281 | D:5      | Noticed Edmund
  3281 | D:5      | Noticed Grinder
  3291 | D:5      | Noticed Blork the orc
  3399 | D:5      | Noticed Duvessa
  3401 | D:5      | Noticed Dowan
  3405 | D:5      | Killed Duvessa
  3405 | D:5      | HP: 2/56 [orc priest/+0 mace (3)]
  3405 | D:5      | Killed from afar by Dowan

Illustrated notes

Levels and vault maps discovered:
D:1:      dpeg_arrival_fog, layout_rooms, dreamdust_princess_corridor
D:2:      layout_basic
D:3:      kennysheep_big_flooded_room, layout_loops_ring, serial_rivers,
          chequers_serial_rivers_small_a, chequers_serial_rivers_large_b,
          chequers_serial_rivers_small_3, chequers_serial_rivers_micro_d,
          serial_shops, nicolae_shop_waterfront
D:4:      layout_basic, mainiacjoe_overflow_boulevard,
          ebering_ghost_rock_garden, nicolae_shop_distant_corner_stores,
          nicolae_stop_n_shop_1
D:5:      layout_loops_ring, amethyst_overflow_temple_binary,
          gammafunk_ghost_grave, nicolae_the_louvre, uniq_duvessa,
          uniq_blork_the_orc, uniq_grinder, uniq_edmund

Skill      XL: |  1  2  3  4  5  6 |
---------------+-------------------+-----
Maces & Flails | 2 3 4 |  4.2
Fighting       | 3 4 5 |  5.0
Axes           | 2 |  2.5
Armour         | |  3.6
Shields        | |  3.2

Action                     |  1- 3 |  4- 6 || total
---------------------------+-------+-------++-------
  Melee: Flail             |   120 |    76 ||   196
         Tailslap          |     9 |    16 ||    25
         Broad axe         |       |    48 ||    48
 Armour: Scale mail        |   124 |   140 ||   264
  Dodge: Dodged            |    43 |    45 ||    88
  Block: Buckler           |    17 |    37 ||    54

Table legend: (Time is in decaauts)
 A = Elapsed time spent in this place.
 B = Non-inter-level travel time spent in this place.
 C = Inter-level travel time spent in this place.
 D = Time resting spent in this place.
 E = Time spent auto-exploring this place.
 F = Levels seen in this place.
 G = Mean time per level.
                   A        B        C        D        E       F      G
               +--------+--------+--------+--------+--------+-----+--------+
         Total |   3483 |   3331 |    152 |    212 |   2320 |   5 |  696.6 |
       Dungeon |   3483 |   3331 |    152 |    212 |   2320 |   5 |  696.6 |
               +--------+--------+--------+--------+--------+-----+--------+

Top non-repeatable levels by time:
     D:4: 1225 daAuts
     D:3: 1116 daAuts
     D:2: 531 daAuts
     D:1: 519 daAuts
     D:5: 90 daAuts
